 Dungeon Crawl Stone Soup version 0.29.1-13-g9f3cf754e1 (webtiles) character file.

Game seed: 15451988073461822201

60 Priul the Conjurer (level 3, -1/19 HPs)
             Began as a Deep Elf Conjurer on Feb 2, 2023.
             Slain by Grinder (4 damage)
             ... while paralysed by Grinder
             ... on level 3 of the Dungeon.
             The game lasted 00:08:48 (1989 turns).

Priul the Conjurer (Deep Elf Conjurer)              Turns: 1989, Time: 00:08:49

Health: -1/19      AC:  3    Str:  4    XL:     3   Next: 80%
Magic:  10/10      EV:  2    Int: 24    God:
Gold:   112        SH:  0    Dex: 13    Spells: 6/9 levels left

rFire   . . .      SeeInvis +   c - +0 sling
rCold   . . .      Faith    .   (no shield)
rNeg    . . .      Spirit   .   a - +0 robe
rPois   .          Reflect  .   (no helmet)
rElec   .          Harm     .   (no cloak)
rCorr   .          Rampage  .   (no gloves)
Will    .....                   j - +0 pair of boots
Stlth   ++........              (no amulet)
HPRegen 0.06/turn               k - ring of see invisible
MPRegen 0.12/turn               (no ring)

@: paralysed, about to teleport
A: no striking features
a: no special abilities


You were on level 3 of the Dungeon.
You visited 1 branch of the dungeon, and saw 3 of its levels.

You collected 112 gold pieces.

Inventory:

Hand Weapons
 c - a +0 sling (weapon)
 q - a +3 dagger of flaming
Missiles
 l - 10 poisoned darts (quivered)
 t - 4 boomerangs
Armour
 a - a +0 robe (worn)
 j - a +0 pair of boots (worn)
Jewellery
 k - a ring of see invisible (left hand)
Scrolls
 f - a scroll of blinking {unknown}
 g - a scroll of fog {unknown}
 h - a scroll of vulnerability {unknown}
 m - a scroll of enchant weapon
 n - 3 scrolls of amnesia
 p - a scroll of fear {unknown}
 r - a scroll of teleportation
Potions
 b - a potion of magic
 d - a potion of curing
 e - a potion of flight {unknown}
 i - 3 potions of ambrosia {unknown}
 o - a potion of attraction {unknown}
 s - a potion of resistance {unknown}


   Skills:
 + Level 0.1 Ranged Weapons
 + Level 3.0 Dodging
 + Level 2.5 Stealth
 + Level 3.6 Spellcasting
 + Level 5.4 Conjurations


You had 6 spell levels left.
You knew the following spells:

 Your Spells              Type           Power      Damage    Failure   Level
a - Magic Dart            Conj           100%       1d8       1%          1
b - Searing Ray           Conj           60%        2d6       1%          2

Your spell library contained the following spells:

 Spells                   Type           Power      Damage    Failure   Level
 Dazzling Flash           Conj/Hex       34%        N/A       10%         3
 Confusing Touch          Hex            4%         N/A       30%         3
 Fulminant Prism          Conj/Hex       8%         3d7       32%         4
 Iskenderun's Mystic Bla  Conj/Tloc      17%        2d5       32%         4
 Yara's Violent Unravell  Hex/Tmut       2%         3d3       96%         5
 Enfeeble                 Hex            2%         N/A       100%        7


Dungeon Overview and Level Annotations

Branches:
Dungeon (3/15)

Altars:
Ru

Annotations:
D:3 Grinder


Message History

Aiming: Magic Dart (safe; 1% risk of failure)
Press: ? - help, Shift-Dir - straight line, f/p - adder
Aim: an adder (100% to hit)
The magic dart hits the adder.
The adder is lightly wounded.
The adder barely misses you.
Casting: Magic Dart (safe; 1% risk of failure)
Confirm with . or Enter, or press ? or * to list all spells.
Aiming: Magic Dart (safe; 1% risk of failure)
Press: ? - help, Shift-Dir - straight line, f/p - adder
Aim: an adder (lightly wounded, 100% to hit)
The magic dart hits the adder.
The adder is moderately wounded.
The adder closely misses you.
Casting: Magic Dart (safe; 1% risk of failure)
Confirm with . or Enter, or press ? or * to list all spells.
Aiming: Magic Dart (safe; 1% risk of failure)
Press: ? - help, Shift-Dir - straight line, f/p - adder
Aim: an adder (moderately wounded, 100% to hit)
The magic dart hits the adder!
You kill the adder!
There is an open door here.
Grinder and an adder come into view.
Grinder shouts!
The adder hisses angrily.
Grinder blinks!
As you read the scroll labelled HUNEDI VORHU, it crumbles to dust.
It is a scroll of enchant weapon.
Your +2 dagger of flaming glows red for a moment.
Grinder drinks a potion.
Grinder seems to grow stronger.
As you read the scroll labelled ADUKKOU OZ MEWN, it crumbles to dust.
You feel strangely unstable.
It was a scroll of teleportation.
Grinder hits you.
You writhe in agony.
You feel better. The adder barely misses you. Grinder gestures at you.
You suddenly lose the ability to move!
The adder bites you. The adder bites you but does no damage. Grinder hits you!
Ouch! That really hurt!
* * * LOW HITPOINT WARNING * * *
You writhe in agony.
You die...

..........###..
... ..######.##
..........'.###
#.# ### #.#
..........#.# #.#
#.# ###########.#
#.# #.# #.# #.#
#+#
###'###########
#.......5.....#
#...>...@!....#
#........S....#
...<#+######...##
#.... .....#
#.### ....# #.
....# . ...# .###


You could see Grinder (strong) and an adder.

Vanquished Creatures
  2 adders
  A worm (D:2)
  4 ball pythons
  4 bats
  5 endoplasms
  A giant cockroach (D:2)
  3 goblins
  6 hobgoblins
  2 jackals (D:1)
  A frilled lizard (D:2)
  6 kobolds
  2 rats
37 creatures vanquished.

Notes
Turn   | Place    | Note
-------+----------+-------------------------------------------
     0 | D:1      | Priul the Deep Elf Conjurer began the quest for the Orb.
     0 | D:1      | Reached XP level 1. HP: 10/10 MP: 6/6
   109 | D:1      | Reached XP level 2. HP: 13/15 MP: 5/8
   114 | D:1      | Learned a level 2 spell: Searing Ray
   252 | D:1      | Found a faded altar of an unknown god.
   270 | D:1      | Reached skill level 5 in Conjurations
   740 | D:2      | Reached XP level 3. HP: 19/19 MP: 7/9
  1810 | D:3      | Found a sacrificial altar of Ru.
  1985 | D:3      | Noticed Grinder
  1988 | D:3      | Paralysed by Grinder for 4 turns
  1989 | D:3      | Slain by Grinder

Illustrated notes

Levels and vault maps discovered:
D:1:      dpeg_arrival_tiny_b, layout_rooms,
          hellmonk_ecumenical_altar_arch_garden, nicolae_kite_square_tiling_tiny
D:2:      layout_loops_ring, st_stairs_3
D:3:      kennysheep_goblin_castle, layout_basic,
          nicolae_ru_sacrificial_ziggurat, uniq_jessica, uniq_grinder,
          uniq_robin

Skill      XL: |  1  2  3 |
---------------+----------+-----
Conjurations   | 5 |  5.4
Dodging        | 3 |  3.0
Ranged Weapons | |  0.1
Stealth        | |  2.5
Spellcasting   | |  3.6

Action                   || total
-------------------------++-------
 Fire: Sling             ||     2
 Cast: Magic Dart        ||    72
  Use: Scroll            ||     4
       Potion            ||     1
Armor: Robe              ||     2
Dodge: Dodged            ||     9
